[Event "*** Titled Tuesday Blitz"]
[Site "Chess.com"]
[Date "2020.04.07"]
[Round "2"]
[White "CalinGheorghiu"]
[Black "SergioGarciaFuentes"]
[Result "1-0"]
[WhiteElo "2452"]
[BlackElo "2194"]
[TimeControl "180+1"]
[EndTime "13:19:13 PDT"]
[Termination "CalinGheorghiu won on time"]

1. e4 c5 2. Nf3 e6 3. g3 Nc6 4. Bg2 g6 5. O-O Bg7 6. c3 e5 7. a4 d6 8. Na3 Nge7 9. Nc2 O-O 10. d4 cxd4 11. cxd4 Bg4 12. d5 Na5 13. h3 Bd7 14. Qd3 Rc8 15. Ne3 b6 16. b4 Nb7 17. Bb2 a5 18. b5 Nc5 19. Qb1 Rc7 20. Nc4 Nc8 21. Ne1 f5 22. Ba3 fxe4 23. Bxc5 Rxc5 24. Qxe4 Bf5 25.
Qe2 Qc7 26. Rc1 g5 27. g4 Bg6 28. Nf3 Rf4 29. Nfd2 Rd4 30. Qe3 h6 31. Nb3 Rdxc4 32. Nxc5 Rxc5 33. Rxc5 Qxc5 34. Qd2 Qd4 35. Qc1 Qc5 36.
Qd2 Qd4 37. Qe2 Ne7 38. Rc1 Qxa4 39. Rc7 Bf8 40. Qf3 Qa1+ 41. Kh2 e4 42. Qg3 Qd4 43. Qxd6 Qxf2 44. Rxe7 Bxe7 45. Qxg6+ Kh8 46. Qxh6+ 1-0

[Event "*** Titled Tuesday Blitz"]
[Site "Chess.com"]
[Date "2020.04.07"]
[Round "2"]
[White "Walter_White_Poland"]
[Black "SavelievAlexei"]
[Result "0-1"]
[WhiteElo "2111"]
[BlackElo "2413"]
[TimeControl "180+1"]
[EndTime "13:19:13 PDT"]
[Termination "SavelievAlexei won on time"]

1. Nf3 c5 2. c4 Nc6 3. g3 e5 4. Bg2 g6 5. Nc3 Bg7 6. d3 Nge7 7. O-O d6 8. Ne1 Be6 9. Nc2 d5 10. cxd5 Nxd5 11. Nxd5 Bxd5 12. Bxd5 Qxd5 13. Ne3 Qd7 14. Nc4 h5 15. h4 O-O 16. Be3 b6 17. Qa4 Rad8 18. Rfc1 Qe6 19. a3 f5 20. Bg5 Bf6 21.
b4 Bxg5 22. hxg5 f4 23. bxc5 Nd4 24. Qd1 f3 25. exf3 Rxf3 26. Ne3 Rdf8 27. Ra2 bxc5 28.
Rb2 Qh3 29. Ng2 R3f5 30. Nh4 Rxg5 31. Rc4 Qxh4 32. Rxd4 Qxd4 33. Qb3+ Kh8 34. Re2 Rxg3+ 35. Kh2 Rxf2+ 36. Kxg3 Qf4+ 0-1

[Event "*** Titled Tuesday Blitz"]
[Site "Chess.com"]
[Date "2020.04.07"]
[Round "2"]
[White "Rumpel-VK"]
[Black "FabianoCaruana"]
[Result "0-1"]
[WhiteElo "2610"]
[BlackElo "3037"]
[TimeControl "180+1"]
[EndTime "13:19:14 PDT"]
[Termination "FabianoCaruana won on time"]

1. d4 Nf6 2. Nf3 d5 3. c4 c6 4.
cxd5 cxd5 5. Nc3 Nc6 6. Bf4 a6 7. e3 Nh5 8. Bg3 e6 9. Bd3 Nxg3 10. hxg3 g6 11. Rc1 Bd7 12. Qe2 Bg7 13. Bb1 Rc8 14.
Nd2 O-O 15. O-O Na5 16. a3 b5 17. f4 Nc4 18. Nf3 a5 19. Ne5 Bxe5 20. fxe5 Qg5 21.
Rf3 b4 22. axb4 axb4 23. Na2 Ba4 24. Re1 Rb8 25. Nc1 b3 26. Nd3 Bb5 27. Qf2 Ra8 28. Nc5 Qe7 29. Bd3 Ra2 30. Bxc4 Bxc4 31. Rf6 Rfa8 32.
g4 h6 33. Kh2 Kg7 34. Kg3 Ra1 35. Rxa1 Rxa1 36. Qd2 Rb1 37. Qc3 Rf1 38. Rxf1 Bxf1 39. Qxb3 h5 40. gxh5 Qg5+ 0-1

[Event "*** Titled Tuesday Blitz"]
[Site "Chess.com"]
[Date "2020.04.07"]
[Round "2"]
[White "Alexander_Moskalenko"]
[Black "HonzaVykouk"]
[Result "1/2-1/2"]
[WhiteElo "2954"]
[BlackElo "2608"]
[TimeControl "180+1"]
[EndTime "13:19:14 PDT"]
[Termination "Game drawn by agreement"]

1. e4 c5 2. Nf3 d6 3. d4 cxd4 4. Nxd4 Nf6 5. Nc3 a6 6. f3 e5 7. Nb3 Be6 8. Be3 h5 9. Qd2 Nbd7 10. Be2 Qc7 11. Nd5 Bxd5 12. exd5 g6 13. c4 a5 14. Rc1 a4 15. Na1 Qa5 16. Qxa5 Rxa5 17. Bf2 Bh6 18.
Rd1 O-O 19. Nc2 e4 20. Na3 exf3 21. gxf3 Re8 22. Nb5 Bf8 23. Bg3 Ne5 24. O-O Nfd7 25. f4 Ng4 26. Bxg4 hxg4 27. f5 Ne5 28. fxg6 fxg6 29.
Rf6 Kg7 30. Bxe5 Rxe5 31. Rdf1 Be7 32. Re6 Ra8 33. Rxe5 dxe5 34. Nc7 Bc5+ 35. Kg2 Rc8 36. Ne6+ Kh6 37. Nxc5 Rxc5 38. b3 axb3 39. axb3 b5 40. Rc1 bxc4 41. bxc4 Kg5 42. Kg3 e4 43. Kf2 Kf5 44.
Ke3 Ke5 45. Rc2 Ra5 46. Rc3 Ra2 47. c5 Rxh2 48. c6 Rh3+ 49. Kd2 Rxc3 50. Kxc3 Kd6 51. Kd2 g3 52. Ke3 g5 53. Ke2 g4 54. Ke3 Kc7 55.
Ke2 1/2-1/2

[Event "*** Titled Tuesday Blitz"]
[Site "Chess.com"]
[Date "2020.04.07"]
[Round "2"]
[White "Eltarolo"]
[Black "swisspower96"]
[Result "1/2-1/2"]
[WhiteElo "2335"]
[BlackElo "2673"]
[TimeControl "180+1"]
[EndTime "13:19:14 PDT"]
[Termination "Game drawn by repetition"]

1. e4 c5 2. Nf3 Nc6 3. Bb5 g6 4. Bxc6 dxc6 5. O-O Bg7 6. h3 Nf6 7. d3 Nd7 8. Nc3 e5 9. a4 a5 10. Nh2 Nf8 11. f4 exf4 12. Bxf4 Ne6 13. Be3 h5 14.
Qd2 Nd4 15. Rf2 Be6 16. Raf1 Qb6 17. Qc1 O-O-O 18. Nf3 f6 19. Ne2 f5 20. Ng5 Bg8 21.
Bxd4 cxd4 22. exf5 gxf5 23. Rxf5 h4 24. Nf7 Bxf7 25.
Rxf7 Bh6 26. Qd1 Be3+ 27. Kh1 Qc5 28. Ng1 Rdg8 29. R1f5 Qd6 30. Qf3 Kb8 31. Qe4 Rg3 32. Qe5 Qxe5 33. Rxe5 Rhg8 34. Ree7 Rxg2 35. Rxb7+ Kc8 36.
Rbc7+ Kd8 37. Rcd7+ Kc8 38. Rc7+ Kd8 39. Rcd7+ Kc8 40.
Rc7+ 1/2-1/2

[Event "*** Titled Tuesday Blitz"]
[Site "Chess.com"]
[Date "2020.04.07"]
[Round "2"]
[White "attack2mateU"]
[Black "cuprichanin"]
[Result "1-0"]
[WhiteElo "2670"]
[BlackElo "2342"]
[TimeControl "180+1"]
[EndTime "13:19:14 PDT"]
[Termination "attack2mateU won by checkmate"]

1. e4 c5 2. Nf3 e6 3. d4 cxd4 4. Nxd4 a6 5. Nc3 Qc7 6. Bd3 Nc6 7. Nxc6 dxc6 8. O-O e5 9. f4 Nf6 10. Qf3 Bc5+ 11. Kh1 h5 12. Qg3 Ng4 13. f5 Bd7 14. Bg5 Nf6 15. Bh4 Kf8 16. a4 a5 17. Nd1 Re8 18. Nf2 b5 19. Nh3 Ng4 20. Ng5 f6 21. Ne6+ Bxe6 22. fxe6 Rxe6 23. axb5 cxb5 24. Bxb5 Qb6 25.
Bc4 Rd6 26. Bd5 Ne3 27. Qxe5 Nxf1 28. Rxf1 Bd4 29. Qf5 Be5 30. Qxe5 Qa6 31. Qf5 g6 32. Qf3 Kg7 33. e5 Rxd5 34. Bxf6+ Kh7 35. Bxh8 Kxh8 36.
Qf8+ Kh7 37. Rf7# 1-0

[Event "*** Titled Tuesday Blitz"]
[Site "Chess.com"]
[Date "2020.04.07"]
[Round "2"]
[White "CookiesAndIceCream"]
[Black "BahadirOzen"]
[Result "0-1"]
[WhiteElo "2359"]
[BlackElo "2761"]
[TimeControl "180+1"]
[EndTime "13:19:15 PDT"]
[Termination "BahadirOzen won by checkmate"]

1. e4 e5 2. Nf3 Nc6 3. Nc3 Nf6 4. Bb5 Nd4 5. Bc4 Bc5 6. d3 d6 7. Na4 b5 8. Nxc5 bxc4 9. Na4 Bg4 10. Nc3 cxd3 11. Qxd3 Nxf3+ 12. gxf3 Be6 13. O-O O-O 14. Kh1 d5 15. Bg5 d4 16. Ne2 h6 17. Bd2 c5 18.
b3 Rc8 19. c4 Nh5 20. f4 exf4 21. Nxf4 Nxf4 22. Bxf4 Qh4 23. Bg3 Qh5 24. f4 f5 25.
e5 Bd7 26. Kg1 Bc6 27. Rf2 a5 28. Re1 Rfe8 29. Rfe2 Re6 30. Rf2 Rce8 31. Qd2 Ra8 32. Qb2 Qh3 33. Qa3 Rg6 34. Rfe2 Rxg3+ 35. hxg3 Qh1+ 36.
Kf2 Qg2# 0-1

[Event "*** Titled Tuesday Blitz"]
[Site "Chess.com"]
[Date "2020.04.07"]
[Round "2"]
[White "Bryakin_Mikhail"]
[Black "Rubinstein_Akiba"]
[Result "1-0"]
[WhiteElo "2749"]
[BlackElo "2355"]
[TimeControl "180+1"]
[EndTime "13:19:16 PDT"]
[Termination "Bryakin_Mikhail won by resignation"]

1. d4 Nf6 2. c4 e6 3. g3 d5 4. Bg2 Bb4+ 5. Bd2 Bd6 6. Nf3 O-O 7. Nc3 c6 8. Qc2 dxc4 9. e4 Bb4 10. O-O b5 11. e5 Bxc3 12. exf6 Bxd4 13. Nxd4 Qxd4 14. Bc3 Qd3 15. Qxd3 cxd3 16. fxg7 Rd8 17. Rad1 Bb7 18.
Bf6 Rd7 19. Be4 d2 20. f4 Na6 21. Rf2 Nc5 22. Bb1 Rd5 23. Rfxd2 Nd7 24. Rxd5 cxd5 25.
Bd4 a6 26. g4 f6 27. Re1 Re8 28. g5 Kxg7 29. Bf5 Kf7 30. Bxh7 e5 31. fxe5 fxe5 32.
Bf2 Kg7 33. Bf5 Nf8 34. h4 Ng6 35. h5 Nf4 36. h6+ Kg8 37. Kh2 e4 38. h7+ Kf7 39.
Bd4 Nd3 40. g6+ Ke7 41. Rg1 Kd6 42. g7 e3 43. g8=Q e2 44. Qxe8 e1=Q 45. Rxe1 Nxe1 46.
Qe6+ 1-0

[Event "*** Titled Tuesday Blitz"]
[Site "Chess.com"]
[Date "2020.04.07"]
[Round "2"]
[White "diskeleven"]
[Black "SamuelGhimpu2003"]
[Result "1/2-1/2"]
[WhiteElo "2350"]
[BlackElo "2683"]
[TimeControl "180+1"]
[EndTime "13:19:18 PDT"]
[Termination "Game drawn by agreement"]

1. d4 Nf6 2. c4 g6 3. f3 e5 4. dxe5 Nh5 5. g3 Nc6 6. Nc3 Nxe5 7. e4 d6 8. Be2 Nf6 9. f4 Nc6 10. Nf3 Bg7 11. O-O O-O 12. Kh1 Re8 13. Bd3 Bg4 14. Be3 Nb4 15. a3 Nxd3 16. Qxd3 Qe7 17.
Nd2 Rad8 18. Rae1 b6 19. Bd4 Qd7 20. Nd5 Nxd5 21. cxd5 Bxd4 22. Qxd4 c6 23. Kg1 cxd5 24. exd5 Bf5 25. Re3 Rxe3 26. Qxe3 Re8 27. Qf2 Qe7 28. Nf3 Qe2 29. Re1 Qxf2+ 30. Kxf2 Rxe1 31. Kxe1 Be4 32. Nd4 a6 33. Nc6 Kf8 34. Nb8 Bxd5 35. Nd7+ Ke7 36.
Nxb6 Bc6 37. Kd2 d5 38. Ke3 Kd6 39. Kd4 f6 1/2-1/2

[Event "*** Titled Tuesday Blitz"]
[Site "Chess.com"]
[Date "2020.04.07"]
[Round "2"]
[White "rynos0411"]
[Black "SGchess01"]
[Result "0-1"]
[WhiteElo "2365"]
[BlackElo "2804"]
[TimeControl "180+1"]
[EndTime "13:19:18 PDT"]
[Termination "SGchess01 won by resignation"]

1. c4 Nf6 2. Nc3 e5 3. g3 d5 4. cxd5 Nxd5 5. Bg2 Nb6 6. Nf3 Nc6 7. d3 Be7 8. O-O O-O 9. Be3 Re8 10. Rc1 Bg4 11. Na4 Nd4 12. Nxd4 exd4 13. Bf4 c6 14. Nxb6 Qxb6 15.
h3 Bh5 16. g4 Bg6 17. Qc2 Bf8 18. a3 a5 19. Rfe1 Re6 20. Bf3 Rae8 21. h4 h6 22. Rb1 Qd8 23. h5 Bh7 24. Kg2 Bd6 25. Bxd6 Rxd6 26.
b4 f5 27. bxa5 fxg4 28. Bxg4 Qg5 29. f3 Bf5 30. Qc4+ Kh8 31. Qf7 Bxg4 32. Qxe8+ Kh7 33. fxg4 Qxg4+ 34. Kh2 Re6 35. Qg6+ Rxg6 36. hxg6+ Qxg6 37. Rxb7 Qh5+ 38. Kg2 Qg4+ 39. Kf2 Qh4+ 40. Kf1 Qh3+ 41. Kf2 Qf5+ 42. Kg1 Qxa5 43. Reb1 Qxa3 44. R7b4 c5 45.
Rc4 Qa2 46. Rbc1 Qxe2 47. Rxc5 Qxd3 48. R5c2 Qe3+ 49. Kf1 d3 50. Rc3 Qe2+ 51. Kg1 d2 0-1

[Event "*** Titled Tuesday Blitz"]
[Site "Chess.com"]
[Date "2020.04.07"]
[Round "2"]
[White "valeriocarnicelli"]
[Black "LyonBeast"]
[Result "0-1"]
[WhiteElo "2604"]
[BlackElo "3004"]
[TimeControl "180+1"]
[EndTime "13:19:19 PDT"]
[Termination "LyonBeast won by resignation"]

1. e4 e5 2. Nf3 Nc6 3. d4 exd4 4. Bc4 Nf6 5. e5 d5 6. Bb5 Ne4 7. Nxd4 Bd7 8. Bxc6 bxc6 9. O-O Be7 10. f3 Nc5 11. f4 f5 12. Nc3 O-O 13. Be3 Ne6 14.
Nxe6 Bxe6 15. Na4 Rb8 16. Nc5 Qc8 17. b3 Rd8 18. Qd4 Rb5 19. Nxe6 Qxe6 20. a4 c5 21. Qd2 Rb7 22. Rad1 c6 23. Kh1 h6 24. h3 Kh7 25.
Qd3 c4 26. bxc4 dxc4 27. Qe2 Rbd7 28. Qf3 a6 29. Bb6 Rxd1 30. Rxd1 Rb8 31. Bc7 Rb2 32.
Bd6 Rxc2 33. Qxc6 c3 34. Qc5 Qg6 35. Qd5 Bh4 36. e6 Re2 37. Be5 c2 38. Rc1 Qg3 39.
Bc3 Qxc3 40. Qxf5+ g6 41. Qf7+ Qg7 42. Qe8 Bg3 43. Qc6 Bxf4 0-1

[Event "*** Titled Tuesday Blitz"]
[Site "Chess.com"]
[Date "2020.04.07"]
[Round "2"]
[White "Anton_Demchenko"]
[Black "Firegrizzly"]
[Result "1-0"]
[WhiteElo "2957"]
[BlackElo "2598"]
[TimeControl "180+1"]
[EndTime "13:19:19 PDT"]
[Termination "Anton_Demchenko won on time"]

1. d4 Nf6 2. Nf3 e6 3. Bf4 b6 4.
e3 Bb7 5. Bd3 Be7 6. h3 O-O 7.
Nbd2 c5 8. c3 d6 9. Qe2 Re8 10.
e4 cxd4 11. cxd4 Nc6 12. O-O a6 13. Rad1 d5 14. e5 Nd7 15. Rfe1 b5 16. Nf1 Nb6 17. b3 Nd7 18. Ng3 Nf8 19. Nh5 Rc8 20. Bb1 Ng6 21.
Be3 Bb4 22. Rf1 Be7 23. Ne1 f5 24. g4 f4 25. Nxf4 Nxf4 26. Bxf4 Rf8 27. Be3 Bb4 28. f4 Qh4 29. Kh2 Bxe1 30. Qxe1 Qe7 31. f5 Ba8 32. Qg3 Nb4 33. Rf2 Rc3 34. Rdf1 Nc6 35. f6 Qd8 36. fxg7 Rxf2+ 37. Qxf2 1-0

[Event "*** Titled Tuesday Blitz"]
[Site "Chess.com"]
[Date "2020.04.07"]
[Round "2"]
[White "Shahinyan_ChessMood"]
[Black "Chessterra87"]
[Result "1-0"]
[WhiteElo "2660"]
[BlackElo "2295"]
[TimeControl "180+1"]
[EndTime "13:19:19 PDT"]
[Termination "Shahinyan_ChessMood won by checkmate"]

1. e4 c5 2. Nc3 e6 3. g3 d5 4.
d3 Nc6 5. exd5 exd5 6. Bg2 Nf6 7. Bg5 Be6 8. Nge2 d4 9. Ne4 Qa5+ 10. Bd2 Qd8 11. O-O Nxe4 12. dxe4 Be7 13. f4 Bc4 14. b3 Ba6 15. Qe1 d3 16. cxd3 Qxd3 17. Rf3 Qxe2 18. Qc1 Rd8 19. Bc3 Nd4 20. Rf2 Qb5 21.
Qb2 O-O 22. e5 Ne2+ 23. Kh1 Nxc3 24. Qxc3 Qd3 25. Qb2 b6 26. Re1 c4 27. bxc4 Bxc4 28. f5 Bd5 29. f6 Bxg2+ 30. Rxg2 Bc5 31. Qc1 Qg6 32. fxg7 Rfe8 33. Qf4 Rd4 34. Qf3 Rd3 35. Qb7 Rdd8 36. Rge2 Qe6 37. Qf3 Qd5 38. Re4 Re6 39. Qf5 Rde8 40. Rf1 R8e7 41. Rf3 Qd1+ 42. Kg2 Qc2+ 43.
Kh3 Qc1 44. Rh4 h6 45. Rg4 Qd2 46. Qh7+ Kxh7 47. g8=Q# 1-0

[Event "*** Titled Tuesday Blitz"]
[Site "Chess.com"]
[Date "2020.04.07"]
[Round "2"]
[White "checkmatequen"]
[Black "Keaton87"]
[Result "1-0"]
[WhiteElo "2250"]
[BlackElo "2634"]
[TimeControl "180+1"]
[EndTime "13:19:19 PDT"]
[Termination "checkmatequen won on time"]

1. e4 c5 2. Nf3 d6 3. d4 Nf6 4.
Nc3 cxd4 5. Nxd4 g6 6. Be3 Bg7 7. Bc4 Ng4 8. Bb5+ Kf8 9. Bg5 h6 10. Bh4 a6 11. Be2 Ne5 12. f4 Nec6 13. Bf2 Nxd4 14.
Bxd4 Nc6 15. Bxg7+ Kxg7 16. Bf3 Be6 17. Qd2 Rc8 18. O-O Qb6+ 19. Kh1 Qxb2 20. Rab1 Qa3 21. Rxb7 Na5 22. Nb1 Qc5 23. Rxe7 Bxa2 24. e5 Qxc2 25. Qxa5 Bxb1 26. Qd5 Rhf8 27. exd6 Qf5 28. Re5 Qd3 29.
Qxd3 Bxd3 30. Rd1 Bb5 31. h3 Rfd8 32. Re7 Bc4 33. Bg4 Rb8 34. d7 Kf6 35. Rde1 Be6 36. Re8 Rxe8 37. dxe8=Q Rxe8 38. Bxe6 Rxe6 39. Ra1 Ke7 40.
Kg1 Kd7 41. Kf2 Kc7 42. Kf3 Kb6 43. g4 a5 44. f5 gxf5 45. gxf5 Rc6 46. Kg4 Rc3 47. h4 Kb5 48. Kh5 Rc4 49. Kxh6 Rxh4+ 50. Kg5 1-0

[Event "*** Titled Tuesday Blitz"]
[Site "Chess.com"]
[Date "2020.04.07"]
[Round "2"]
[White "IAgrest"]
[Black "Qvalda"]
[Result "0-1"]
[WhiteElo "2125"]
[BlackElo "2426"]
[TimeControl "180+1"]
[EndTime "13:19:19 PDT"]
[Termination "Qvalda won by checkmate"]

1. e4 g6 2. d4 Bg7 3. Nf3 d6 4. Nc3 Nf6 5. Bf4 c6 6. Qd2 h6 7. O-O-O g5 8. Be3 Ng4 9. h4 Nxe3 10. Qxe3 g4 11. Nd2 h5 12. f4 Nd7 13. g3 b5 14.
e5 Nb6 15. exd6 Qxd6 16. Nde4 Qg6 17. Bd3 Bf5 18. Rhe1 O-O 19. Nc5 e6 20. Bxf5 Qxf5 21. Qe4 Qxe4 22. N3xe4 Rfd8 23. c3 b4 24. Kc2 a5 25.
Re2 a4 26. a3 bxa3 27. bxa3 Nc4 28. Ra1 Rab8 29. Kd3 Nb2+ 30. Ke3 Nc4+ 31. Kd3 Na5 32.
Raa2 Nb3 33. Nxb3 Rxb3 34. Reb2 Rxd4+ 35. Ke3 Rxe4+ 36. Kxe4 Rxc3 37. Rb4 Rxg3 38. Rxa4 f5# 0-1

[Event "*** Titled Tuesday Blitz"]
[Site "Chess.com"]
[Date "2020.04.07"]
[Round "2"]
[White "orrbaverlekszarnyon"]
[Black "Andro2"]
[Result "1/2-1/2"]
[WhiteElo "2154"]
[BlackElo "2418"]
[TimeControl "180+1"]
[EndTime "13:19:21 PDT"]
[Termination "Game drawn by repetition"]

1. e4 c5 2. Nf3 d6 3. d4 cxd4 4.
Nxd4 Nf6 5. Nc3 a6 6. Rg1 e6 7. g4 Nfd7 8. Be3 Qc7 9. Qd2 Nc6 10. O-O-O Nce5 11. f4 Nc4 12. Bxc4 Qxc4 13. f5 Ne5 14. fxe6 fxe6 15. Bf4 Ng6 16. Nb3 Nxf4 17. Qxf4 Be7 18. Rd4 Qc7 19. Qf1 Bf6 20. Rd3 O-O 21. Rf3 Bd7 22. g5 Bxc3 23. bxc3 Qb6 24. Rgg3 Bb5 25. c4 Bc6 26. Rxf8+ Rxf8 27. Rf3 Rxf3 28. Qxf3 Qg1+ 29. Kb2 Qxg5 30. Nd4 Qe5 31. c3 Bxe4 32. Qg4 Bf5 33. Qg5 h6 34. Qd8+ Kh7 35. h4 Qh2+ 36. Kb3 Bg4 37.
Qc7 Bd1+ 38. Ka3 Qe5 39. Qxb7 a5 40. Qh1 Qc5+ 41. Kb2 Bg4 42. Qe4+ Bf5 43. Qe2 Qb6+ 44.
Ka3 Qc5+ 45. Kb2 Qb6+ 46. Ka3 Qc5+ 47. Kb2 1/2-1/2

[Event "*** Titled Tuesday Blitz"]
[Site "Chess.com"]
[Date "2020.04.07"]
[Round "2"]
[White "Girkassa"]
[Black "MisiekZielony"]
[Result "1-0"]
[WhiteElo "2482"]
[BlackElo "2127"]
[TimeControl "180+1"]
[EndTime "13:19:21 PDT"]
[Termination "Girkassa won on time"]

1. d4 d5 2. c4 c6 3. Nf3 Nf6 4. e3 g6 5. Bd3 Bg7 6. O-O Bg4 7.
Nbd2 O-O 8. h3 Bxf3 9. Nxf3 e6 10. Ne5 Nfd7 11. f4 Nxe5 12. fxe5 Nd7 13. Bd2 f6 14. Bb4 Rf7 15. exf6 Bxf6 16. Qg4 e5 17. cxd5 cxd5 18. Bf5 Nf8 19. Bxf8 Kxf8 20. Be6 exd4 21.
Bxf7 Kxf7 22. exd4 Kg7 23. Rae1 Qb6 24. Qd7+ Kh6 25.
Rf4 Bxd4+ 26. Kh1 Bf2 27. Re7 Rh8 28. Qxd5 Qxb2 29. Qd1 Rd8 30. Qf1 Bg3 31. Rf3 Qc2 32. Rxg3 Rd1 33. Re1 1-0

[Event "*** Titled Tuesday Blitz"]
[Site "Chess.com"]
[Date "2020.04.07"]
[Round "2"]
[White "AleksanderHnydiuk"]
[Black "jk13"]
[Result "1/2-1/2"]
[WhiteElo "2554"]
[BlackElo "2820"]
[TimeControl "180+1"]
[EndTime "13:19:22 PDT"]
[Termination "Game drawn by repetition"]

1. Nf3 e6 2. c4 Nf6 3. g3 d5 4. d4 Bb4+ 5. Bd2 c5 6. cxd5 exd5 7. Bg2 O-O 8. O-O Nc6 9. dxc5 Bxc5 10. Nc3 h6 11.
Na4 Be7 12. Rc1 Ne4 13. Be3 Bg4 14. Nc5 Nxc5 15. Bxc5 Re8 16. Bxe7 Qxe7 17. Re1 Rad8 18.
Nd4 Ne5 19. Qb3 Qd7 20. Qb5 Qe7 21. Bxd5 Qd6 22. e4 Qf6 23. f4 Nc6 24. Nb3 Qxb2 25.
Qxb7 Ne7 26. Qxa7 Nxd5 27. exd5 Rxe1+ 28. Rxe1 Kh7 29. Qf2 Qc3 30. Qd2 Qc4 31. Rc1 Qa4 32.
Qd3+ Kg8 33. Rc2 g6 34. Rd2 h5 35. d6 h4 36. Qd4 Qc6 37. Nc5 h3 38. Ne4 Bf5 39.
Nf6+ Kf8 40. Nd7+ Kg8 41. Nf6+ Kf8 42. Nd7+ Kg8 43. Nf6+ 1/2-1/2

[Event "*** Titled Tuesday Blitz"]
[Site "Chess.com"]
[Date "2020.04.07"]
[Round "2"]
[White "Training_Day"]
[Black "tacticthunder"]
[Result "1-0"]
[WhiteElo "2317"]
[BlackElo "2518"]
[TimeControl "180+1"]
[EndTime "13:19:22 PDT"]
[Termination "Training_Day won on time"]

1. e4 c5 2. c3 Nc6 3. d4 d5 4. exd5 Qxd5 5. Nf3 Nf6 6. Be2 Bf5 7. O-O e6 8. Na3 cxd4 9. Nb5 Rc8 10. Nbxd4 Bg6 11.
Be3 Be7 12. Qa4 O-O 13. Nxc6 Qxc6 14. Qxa7 Nd5 15. Ne5 Qc7 16. Nxg6 hxg6 17. Qd4 Bf6 18. Qd2 Rfd8 19. Qc1 Nxe3 20. Qxe3 Be5 21. g3 Bd6 22. Rfd1 Bc5 23. Qf3 Qb6 24. b4 Be7 25. a3 Bf6 26. Rxd8+ Qxd8 27. Qxb7 Rxc3 28. Rd1 Qf8 29. a4 Rc2 30.
Bf3 Rb2 31. b5 Qc5 32. Rf1 Bd4 33. a5 Bxf2+ 34. Kh1 1-0

[Event "*** Titled Tuesday Blitz"]
[Site "Chess.com"]
[Date "2020.04.07"]
[Round "2"]
[White "Sesleria"]
[Black "Supelyel"]
[Result "1-0"]
[WhiteElo "1973"]
[BlackElo "2371"]
[TimeControl "180+1"]
[EndTime "13:19:22 PDT"]
[Termination "Sesleria won by resignation"]

1. e4 c5 2. Nf3 Nc6 3. Bb5 g6 4. O-O Bg7 5. c3 e5 6. d4 cxd4 7. cxd4 exd4 8. Bf4 Nge7 9. Bd6 O-O 10. Nbd2 Re8 11. Re1 Qb6 12. a4 a6 13. Nc4 Qa7 14.
Bxc6 dxc6 15. a5 Bg4 16. Qb3 Rad8 17. h3 Nc8 18. Bb4 Be6 19. Ng5 c5 20. Nxe6 Rxe6 21. Bd2 Nd6 22. Nb6 Nxe4 23. Bf4 Rde8 24. Rad1 h6 25.
Qa4 Kh7 26. f3 Nf6 27. Rxe6 Rxe6 28. Qc4 Nh5 29. Bh2 Rxb6 30. axb6 Qxb6 31. Qd3 Qc6 32. Rd2 Nf6 33. Re2 Nd5 34. Be5 c4 35. Qxd4 Bxe5 36. Qxe5 c3 37. bxc3 Nxc3 38. Rc2 Qb6+ 39. Kh2 Nb5 40.
Re2 Qc6 41. Qe7 Qc4 42. Re4 Qb3 43. Rf4 Kg8 44. Qxb7 a5 45. Qa8+ Kg7 46. Qxa5 Nd6 47. Qe5+ Kg8 48. Qxd6 1-0

[Event "*** Titled Tuesday Blitz"]
[Site "Chess.com"]
[Date "2020.04.07"]
[Round "2"]
[White "GodDMuhammad"]
[Black "Kiborg95"]
[Result "0-1"]
[WhiteElo "2323"]
[BlackElo "2677"]
[TimeControl "180+1"]
[EndTime "13:19:23 PDT"]
[Termination "Kiborg95 won by resignation"]

1. f4 d6 2. Nf3 Nd7 3. g3 g6 4. Bg2 Bg7 5. d3 Nh6 6. c3 e5 7.
e4 f5 8. O-O fxe4 9. dxe4 O-O 10. Ng5 Qe7 11. Be3 Kh8 12. Nd2 Nf6 13. h3 Nh5 14.
Kh2 exf4 15. gxf4 Nxf4 16. Rxf4 Be5 17. Ndf3 Rxf4 18. Nxe5 dxe5 19. Bxf4 exf4 20. Qd4+ Kg8 21. Nf3 Nf7 22. e5 g5 23. Re1 Be6 24. b3 h5 25. Qe4 Kg7 26. Nd4 Re8 27. Qxb7 c5 28.
Nxe6+ Qxe6 29. Bd5 Qe7 30. Qxe7 Rxe7 31. e6 Nd6 32. c4 Kf6 33. Kg2 g4 34. hxg4 hxg4 35.
Rh1 Nf5 36. Rh8 Ke5 37. Rh5 f3+ 38. Kf2 Kf4 39. Rh8 g3+ 40. Kf1 Ne3+ 41. Ke1 f2+ 42.
Kd2 f1=Q 43. Rf8+ Nf5 44. Rf7 Qf2+ 45. Kd3 Qd4+ 46. Ke2 Rxf7 47. exf7 Qg7 48. a3 Nd6 49. b4 Nxf7 50. bxc5 Ne5 51. c6 g2 0-1

[Event "*** Titled Tuesday Blitz"]
[Site "Chess.com"]
[Date "2020.04.07"]
[Round "2"]
[White "Vamostodorecto"]
[Black "aloe_normansen"]
[Result "0-1"]
[WhiteElo "2413"]
[BlackElo "2172"]
[TimeControl "180+1"]
[EndTime "13:19:23 PDT"]
[Termination "aloe_normansen won by checkmate"]

1. d4 Nf6 2. c4 g6 3. Nc3 Bg7 4. e4 O-O 5. Be2 d6 6. Nf3 e5 7. O-O Nc6 8. d5 Ne7 9. Be3 Ng4 10. Bg5 h6 11. Bd2 f5 12. h3 Nf6 13. Bd3 f4 14. b4 g5 15. Nh2 h5 16. f3 Ng6 17. c5 Bh6 18. cxd6 cxd6 19. Rc1 Rf7 20. Be2 Rg7 21. Be1 g4 22. fxg4 f3 23. Bxf3 Bxc1 24.
Qxc1 hxg4 25. hxg4 Nf4 26. Bh4 Qb6+ 27. Kh1 Nxg4 28.
Bxg4 Bxg4 29. Qe1 Nxg2 30. Kxg2 Be2+ 31. Kh1 Bxf1 32. Qxf1 Rf8 33. Qb1 Qe3 34. Qe1 Qh3 35. Ne2 Qg2# 0-1

[Event "*** Titled Tuesday Blitz"]
[Site "Chess.com"]
[Date "2020.04.07"]
[Round "2"]
[White "Rish_97"]
[Black "dretch"]
[Result "1-0"]
[WhiteElo "2566"]
[BlackElo "2786"]
[TimeControl "180+1"]
[EndTime "13:19:24 PDT"]
[Termination "Rish_97 won by checkmate"]

1. e4 e6 2. d4 d5 3. Nc3 Nf6 4.
e5 Nfd7 5. Nce2 c5 6. c3 Nc6 7.
Nf3 Be7 8. a3 b5 9. Nf4 c4 10.
h4 h6 11. Be3 Nb6 12. Rh3 a5 13. Qc2 b4 14. axb4 axb4 15. Rxa8 Nxa8 16. Rg3 g6 17.
Rxg6 b3 18. Qb1 Qa5 19. Rg7 Qa2 20. Nd2 Nb6 21. Be2 Na4 22. Bh5 Nd8 23. Bxf7+ Nxf7 24. Qg6 Rf8 25. Nxe6 Qa1+ 26. Ke2 Nxb2 27. Kf3 Bxe6 28. Kg3 Qa6 29. Nf3 Nd3 30. Bxh6 b2 31. Ng5 Bxg5 32. Bxg5 b1=Q 33. Qf6 Qbb7 34. Rxf7 Qd7 35. Rxf8# 1-0

[Event "*** Titled Tuesday Blitz"]
[Site "Chess.com"]
[Date "2020.04.07"]
[Round "2"]
[White "UCantHandleDenker"]
[Black "temus_galaktionov"]
[Result "0-1"]
[WhiteElo "2495"]
[BlackElo "2744"]
[TimeControl "180+1"]
[EndTime "13:19:24 PDT"]
[Termination "temus_galaktionov won on time"]

1. Nf3 c6 2. g3 g6 3. Bg2 Bg7 4. O-O d6 5. d3 Nd7 6. Nbd2 Ngf6 7. e4 O-O 8. a4 e5 9. Nc4 Qc7 10. b3 d5 11. Ncd2 Re8 12. Qe2 Nc5 13. Bb2 dxe4 14.
dxe4 b6 15. b4 Ba6 16. c4 Ncd7 17. Rac1 Bf8 18. Bc3 Bb7 19. Nb3 c5 20. bxc5 Nxc5 21. Nxc5 Bxc5 22. Nh4 a5 23. Rfe1 Bc6 24. Ra1 Rad8 25.
h3 Nh5 26. Kh2 Ng7 27. Nf3 f6 28. h4 Rd6 29. Bh3 Red8 30. Red1 Rxd1 31. Rxd1 Bxa4 32. Rxd8+ Qxd8 33. Nxe5 fxe5 34. Bxe5 Qe7 35. Ba1 Bc6 36.
f3 Bd7 37. Bxd7 Qxd7 38. Qb2 a4 39. Qe5 a3 40. Qb8+ Bf8 41. Qxb6 Ne6 42. c5 Bxc5 43. Qb3 Kf7 44. f4 Qd2+ 45. Kh3 Qe3 46. Qb7+ Be7 47. f5 Nf4+ 0-1

[Event "*** Titled Tuesday Blitz"]
[Site "Chess.com"]
[Date "2020.04.07"]
[Round "2"]
[White "rasmussvane"]
[Black "ahappypawn"]
[Result "1-0"]
[WhiteElo "2861"]
[BlackElo "2370"]
[TimeControl "180+1"]
[EndTime "13:19:24 PDT"]
[Termination "rasmussvane won on time"]

1. Nf3 d5 2. g3 g6 3. Bg2 Bg7 4. d4 Nd7 5. O-O Ngf6 6. a4 O-O 7. a5 c5 8. c3 Re8 9. Bf4 Nh5 10. Bg5 h6 11. Be3 c4 12. Qa4 e6 13. Nbd2 Nhf6 14.
h3 Nb8 15. Rfb1 Bd7 16. Qa2 Nc6 17. b3 cxb3 18. Rxb3 Rb8 19. Bf4 Rc8 20. Rxb7 Nh5 21. Bd6 e5 22. dxe5 Nxe5 23. Bxe5 Bxe5 24. Nxe5 Rxe5 25.
Bxd5 Be8 26. Bxf7+ Kh8 27. Nf3 Re7 28. Rxe7 Qxe7 29. Bxe8 Rxe8 30. e3 Qe4 31. Nd4 Rf8 32.
Qe6 Qd3 33. Qe5+ Kg8 34. Qd6 Nf6 35. a6 Qxc3 36. Rb1 Qd3 37. Rb7 Qd1+ 38. Kg2 Qh5 39. Qe6+ Kh8 40. Qe7 Qd5+ 41. Kg1 1-0